 Dungeon Crawl Stone Soup version 0.21-a0-529-g8c7b3f5 (webtiles) character file.

242 slep the Chopper (level 6, -2/32 HPs)
             Began as a Vine Stalker Gladiator on Dec 10, 2017.
             Slain by a wight
             ... wielding a +4 dagger
              (3 damage)
             ... on level 3 of the Dungeon.
             The game lasted 00:05:07 (1390 turns).

slep the Chopper (Vine Stalker Gladiator)           Turns: 1390, Time: 00:05:08

Health: -2/32      AC:  4    Str: 17    XL:     6   Next: 9%
Magic:  0/7        EV: 12    Int:  8    God:
Gold:   182        SH:  0    Dex: 17    Spells: 5/5 levels left

rFire    . . .     SeeInvis .   a - +0 war axe
rCold    . . .     Gourm    .   (no shield)
rNeg     . . .     Faith    .   b - +0 leather armour
rPois    .         Spirit   +   c - +0 helmet
rElec    .         Reflect  .   (no cloak)
rCorr    .         Harm     .   (no gloves)
MR       .....                  (no boots)
Stlth    +.........             (no amulet)
HPRegen  0.50/turn              l - ring of wizardry
MPRegen  0.10/turn              (no ring)

@: drained
A: fangs 2, regeneration 1, magic shield, antimagic bite, no potion heal 3, rot
immunity
a: no special abilities


You were on level 3 of the Dungeon.
You were not hungry.

You visited 1 branch of the dungeon, and saw 3 of its levels.

You collected 182 gold pieces.

Inventory:

Hand Weapons
 a - a +0 war axe (weapon)
Missiles
 d - 3 throwing nets
 n - 7 javelins (quivered)
Armour
 b - a +0 leather armour (worn)
 c - a +0 helmet (worn)
Jewellery
 l - a ring of wizardry (left hand)
Scrolls
 e - 3 scrolls of identify {unknown}
 j - a scroll of noise {unknown}
Potions
 h - a potion of mutation {unknown}
 k - a potion of resistance {unknown}
Comestibles
 f - a bread ration
 g - a fruit
 i - 2 meat rations
 m - a chunk of flesh


   Skills:
 + Level 2.4(1.5) Fighting
 + Level 4.5(3.6) Axes
 + Level 2.1(1.2) Throwing
 + Level 1.5(0.6) Armour
 + Level 3.1(2.2) Dodging
 + Level 1.2(0.3) Stealth


You had 5 spell levels left.
You didn't know any spells.

Dungeon Overview and Level Annotations

Branches:
Dungeon (3/15)

Altars:


Innate Abilities, Weirdness & Mutations

You have extremely sharp teeth.
Your natural rate of healing is unusually fast.
When hurt, damage is shared between your health and your magic reserves.
Your bite disrupts and absorbs the magic of your enemies.
Potions cannot restore your health.
You are immune to rotting.


Message History

The wight closely misses you.
You hit the wight.
You destroy the wight!
You have reached level 6!
Your experience leads to an increase in your attributes!
Increase (S)trength, (I)ntelligence, or (D)exterity?
You feel stronger.
A wight comes into view. It is wielding an enchanted dagger.
Items here: )) [[ a battleaxe; a runed robe; a scimitar of freezing; a robe The wight closely misses you.
You barely miss the wight. Your bite misses the wight.
The wight hits you with an enchanted dagger!
* * * LOW HITPOINT WARNING * * *
You feel drained.
* * * LOW HITPOINT WARNING * * *
The wight hits you with an enchanted dagger!
* * * LOW HITPOINT WARNING * * *
You feel drained.
You die...

#.#
#.#
#.#
#.#
...
#.#
#z#
#@#
#.#
#)####
#.<..#
####.#
#


You could see a wight.

Vanquished Creatures
  3 wights
  5 adders (D:2)
  An ooze (D:1)
  3 worms (D:2)
  3 dart slugs (D:1)
  2 ball pythons
  4 bats (D:2)
  2 giant cockroaches
  9 goblins
  5 hobgoblins
  4 jackals (D:2)
  7 kobolds
  2 quokkas (D:2)
  3 frilled lizards
  5 rats
58 creatures vanquished.

Notes
Turn   | Place    | Note
-------+----------+-------------------------------------------
     0 | D:1      | slep the Vine Stalker Gladiator began the quest for the Orb.
     0 | D:1      | Reached XP level 1. HP: 11/11 MP: 2/2
    90 | D:1      | Reached XP level 2. HP: 10/15 MP: 3/3
   137 | D:1      | Reached skill level 3 in Axes
   335 | D:1      | Reached XP level 3. HP: 18/18 MP: 4/4
   887 | D:2      | Gained mutation: Your natural rate of healing is unusually fast. [Vine Stalker growth]
   887 | D:2      | Reached XP level 4. HP: 16/23 MP: 5/5
  1198 | D:2      | Reached skill level 4 in Axes
  1198 | D:2      | Reached XP level 5. HP: 25/26 MP: 4/6
  1328 | D:2      | Reached skill level 1 in Armour
  1328 | D:2      | Reached skill level 1 in Stealth
  1386 | D:3      | Reached XP level 6. HP: 11/32 MP: 3/7
  1390 | D:3      | HP: 1/32 [wight/enchanted dagger (7)]
  1390 | D:3      | Slain by a wight

Vault maps used:
D:1:      dpeg_arrival_stone_temple_mockup

Skill      XL: |  1  2  3  4  5 |
---------------+----------------+-----
Throwing       | 2 |  2.1
Axes           | 3 4 |  4.5
Fighting       | 2 |  2.4
Dodging        | 3 |  3.1
Armour         | 1 |  1.5
Stealth        | 1 |  1.2

Action                   |  1- 3 |  4- 6 || total
-------------------------+-------+-------++-------
Melee: War axe           |    65 |    80 ||   145
       Bite              |    19 |    21 ||    40
 Stab: Sleeping          |     2 |     1 ||     3
  Eat: Chunk             |       |     2 ||     2
Armor: Leather armour    |    11 |    26 ||    37
Dodge: Dodged            |    47 |    77 ||   124

Table legend:
 A = Spawn XP
 B = Non-spawn XP
 C = Spawn XP percentage of total XP
 D = Spawn monster count
 E = Non-spawn monster count
 F = Spawn count percentage of total count
 G = Total turns spent on level
                    A         B        C        D         E        F      G
               +---------+---------+-------+---------+---------+-------+---------
         Total |       0 |     347 |   0.0 |       0 |      58 |   0.0 |  1390
               +---------+---------+-------+---------+---------+-------+---------
           D:1 |       0 |      46 |   0.0 |       0 |      21 |   0.0 |   623
           D:2 |       0 |     183 |   0.0 |       0 |      35 |   0.0 |   745
           D:3 |       0 |     118 |   0.0 |       0 |       2 |   0.0 |    22
               +---------+---------+-------+---------+---------+-------+---------
